 Dungeon Crawl Stone Soup version 0.18-a0-1197-g8004e50 (webtiles) character file.

3042 truemonolith the Nimble (level 9, 0/74 HPs)
             Began as a Grey Draconian Monk on Jan 30, 2016.
             Was a Priest of Cheibriados.
             Slain by Rayvis's ghost (13 damage)
             ... on level 8 of the Dungeon.
             The game lasted 00:18:02 (8414 turns).

truemonolith the Nimble (Grey Draconian Monk)       Turns: 8414, Time: 00:18:02

Health: 0/74       AC: 15    Str: 21    XL:     9   Next: 56%
Magic:  9/9        EV: 23    Int: 20    God:    Cheibriados [***...]
Gold:   410        SH:  0    Dex: 30    Spells: 2 memorised, 5 levels left

rFire  . . .     SeeInvis .       - Unarmed
rCold  . . .     Gourm    .     (armour unavailable)
rNeg   . . .     Faith    +     (no shield)
rPois  .         Spirit   .     (helmet restricted)
rElec  .         Dismiss  .     (no cloak)
rCorr  .         Reflect  .     (no gloves)
SustAt .         Harm     .     M - +2 pair of boots
MR     +....                    A - amulet of faith
Stlth  +++.......               E - +4 ring of dexterity
                                C - ring of protection from magic

@: very slow, somewhat resistant to hostile enchantments, fairly stealthy
A: walk through water, unfitting armour, clever 1, unbreathing, cold-blooded, AC
+12
a: Bend Time, Temporal Distortion, Renounce Religion


You were on level 8 of the Dungeon.
You worshipped Cheibriados.
Cheibriados was most pleased with you.
You were not hungry.

You visited 2 branches of the dungeon, and saw 9 of its levels.

You collected 410 gold pieces.

Inventory:

Armour
 M - a +2 pair of boots (worn)
Jewellery
 a - an uncursed ring of resist corrosion
 u - an uncursed amulet of guardian spirit
 y - an uncursed ring of protection from fire
 A - an amulet of faith (around neck)
 C - a ring of protection from magic (left hand)
 E - a +4 ring of dexterity (right hand)
 F - an uncursed ring of magical power
 G - an uncursed amulet of dismissal
 L - an uncursed ring of see invisible {unknown}
Wands
 n - a wand of heal wounds (6/9)
 w - a wand of random effects (34/48)
 H - a wand of disintegration (10/24)
Scrolls
 d - 4 scrolls of identify
 e - a scroll of blinking
 h - 2 scrolls of recharging
 i - 2 scrolls of teleportation
 l - a scroll of immolation
 m - 3 scrolls of amnesia
 q - 2 scrolls of magic mapping
 r - 2 scrolls of remove curse
 D - 2 scrolls of enchant weapon
 K - a scroll of fear
Potions
 f - a potion of lignification
 k - 3 potions of curing
 p - a potion of ambrosia {unknown}
 s - a potion of brilliance {unknown}
 v - 3 potions of flight
 x - a potion of berserk rage {unknown}
 z - a potion of heal wounds {unknown}
 I - a potion of poison {unknown}
Books
 t - a book of Flames

   Spells                             Type                      Level
   a - Flame Tongue                   Conjuration/Fire             1
   b - Throw Flame                    Conjuration/Fire             2
   c - Conjure Flame                  Conjuration/Fire             3
   d - Inner Flame                    Hexes/Fire                   3
   e - Sticky Flame                   Conjuration/Fire             4
   f - Fireball                       Conjuration/Fire             5
 B - a book of Party Tricks

   Spells                             Type                      Level
   a - Summon Butterflies             Summoning                    1
   b - Apportation                    Translocation                1
   c - Tukima's Dance                 Hexes                        3
   d - Alistair's Intoxication        Transmutation/Poison         5
   e - Invisibility                   Hexes                        6
 J - a book of Minor Magic

   Spells                             Type                      Level
   a - Magic Dart                     Conjuration                  1
   b - Blink                          Translocation                2
   c - Call Imp                       Summoning                    2
   d - Repel Missiles                 Charms/Air                   2
   e - Slow                           Hexes                        2
   f - Conjure Flame                  Conjuration/Fire             3
   g - Mephitic Cloud                 Conjuration/Poison/Air       3
Comestibles
 b - 2 beef jerkies
 g - 2 bread rations
 j - 4 slices of pizza
 o - 6 meat rations


   Skills:
 - Level 5.3 Fighting
 - Level 8.7 Dodging
 - Level 1.7 Stealth
 - Level 8.3 Unarmed Combat
 + Level 5.5 Conjurations


You had 5 spell levels left.
You knew the following spells:

 Your Spells              Type           Power        Failure   Level  Hunger
a - Magic Dart            Conj           ###.         1%          1    ##.....
b - Call Imp              Summ           #.......     30%         2    ###....


Dungeon Overview and Level Annotations

Branches:
Dungeon (8/15)             Temple (1/1) D:6
   Lair: D:8-11

Altars:
Ashenzari
Cheibriados
Dithmenos
Elyvilon
Gozag
Kikubaaqudgha
Makhleb
Nemelex Xobeh
Okawaru
Pakellas
Qazlal
Trog
Vehumet
Xom
Yredelemnul
The Shining One

Shops:
D:4 *

Annotations:
D:8 Rayvis's ghost, novice MiFi


Innate Abilities, Weirdness & Mutations

You can walk through water.
Your dull iron-grey scales are very hard (AC +12).
Your body does not fit into most forms of armour.
You can survive without breathing.
You are cold-blooded and may be slowed by cold attacks.
Your mind is acute. (Int +2)


Message History

Rayvis's ghost is almost destroyed.
You hit Rayvis's ghost but do no damage.
Rayvis's ghost is almost destroyed.
Rayvis's ghost barely misses you.
You hit Rayvis's ghost but do no damage.
Your tail-slap misses Rayvis's ghost.
Rayvis's ghost is almost destroyed.
Rayvis's ghost hits you!
You punch Rayvis's ghost!
Your tail-slap misses Rayvis's ghost.
Rayvis's ghost is almost destroyed.
Rayvis's ghost barely misses you.
You hit Rayvis's ghost but do no damage.
Rayvis's ghost is almost destroyed.
Rayvis's ghost hits you!!
* * * LOW HITPOINT WARNING * * *
You hit Rayvis's ghost but do no damage.
You tail-slap Rayvis's ghost, but do no damage.
Rayvis's ghost is almost destroyed.
Rayvis's ghost hits you!
You die...

#.....#..#........#####..
#########.....#..###'#........#..
#.............#..##..#....(...#+#
#.............#..'...'....(......
#.............#..#...#....(......
#.............#..##..#####(......
#....##'#.....'..##..##..#(......
#....#..#...>.#.W........#(....#+
#....#..#.....#.@........#(....#.
.....####.....#..##..#####).)).#.
.##### #....##..##..#.......(.##
.# #....#...##..#........... .#
+....#...#####........... ##
#....###+# #........... #
#####....... + #....... #
#.....#+


You could see Rayvis's ghost.

Vanquished Creatures
  The ghost of abixa the Slasher, a novice HaGl (D:6)
  Prince Ribbit (D:5)
  2 hippogriffs (D:7)
  Edmund (D:5)
  A water moccasin (D:8)
  A phantom (D:6)
  A sky beast (D:8)
  5 ogres
  2 centaurs
  A big kobold (D:8)
  3 scorpions
  4 crimson imps
  A centaur zombie (D:8)
  5 hounds
  2 jellies (D:6)
  An orc priest (D:3)
  2 iguanas (D:4)
  6 orc wizards
  3 worker ants
  2 hound skeletons
  4 gnolls
  13 adders
  2 shadow imps
  An ooze (D:3)
  An adder zombie (D:6)
  2 worms
  3 giant geckos
  13 orcs
  2 ball pythons
  3 giant cockroaches
  8 goblins
  8 hobgoblins
  9 jackals
  2 quokkas (D:3)
  7 bats
  A giant gecko skeleton (D:4)
  A giant gecko zombie (D:7)
  3 giant newts (D:4)
  9 kobolds
  A quokka zombie (D:7)
  8 rats
146 creatures vanquished.

Vanquished Creatures (others)
  A fire dragon (D:3)
  A bush (D:3)
2 creatures vanquished.

Grand Total: 148 creatures vanquished

Notes
Turn   | Place    | Note
--------------------------------------------------------------
     0 | D:1      | truemonolith the Draconian Monk began the quest for the Orb.
     0 | D:1      | Reached XP level 1. HP: 19/19 MP: 1/1
   483 | D:1      | Reached XP level 2. HP: 26/26 MP: 2/2
  1250 | D:2      | Found a burning altar of Makhleb.
  1264 | D:2      | Reached skill level 5 in Unarmed Combat
  1264 | D:2      | Reached XP level 3. HP: 23/31 MP: 3/3
  1391 | D:2      | Reached XP level 4. HP: 28/38 MP: 4/4
  1825 | D:2      | Found an iron altar of Okawaru.
  1863 | D:2      | Reached skill level 6 in Unarmed Combat
  2231 | D:3      | Found a faded altar to an unknown god.
  2413 | D:3      | Found an oddly glowing altar of Pakellas.
  2414 | D:3      | Noticed a fire dragon
  2422 | D:3      | Killed a fire dragon
  2455 | D:3      | Reached XP level 5. HP: 42/45 MP: 5/5
  3322 | D:4      | Found a shimmering altar of Xom.
  3350 | D:4      | Reached skill level 7 in Unarmed Combat
  3430 | D:4      | Found a radiant altar of Vehumet.
  3466 | D:4      | Found Plog's General Store.
  3471 | D:4      | Noticed an ogre
  3484 | D:4      | Killed an ogre
  3484 | D:4      | Reached XP level 6. HP: 17/51 MP: 6/6
  3548 | D:4      | Reached skill level 8 in Unarmed Combat
  4232 | D:5      | Entered Level 5 of the Dungeon
  4279 | D:5      | Found an opulent altar of Gozag.
  4394 | D:5      | Noticed Edmund
  4407 | D:5      | Killed Edmund
  4407 | D:5      | Reached XP level 7. HP: 15/57 MP: 7/7
  4407 | D:5      | Your scales start taking on a dull iron-grey colour.
  4407 | D:5      | Gained mutation: You can survive without breathing. [Grey Draconian growth]
  4787 | D:5      | Noticed Prince Ribbit
  4799 | D:5      | Killed Prince Ribbit
  4836 | D:5      | Reached skill level 5 in Dodging
  5084 | D:6      | Noticed abixa's ghost (novice HaGl)
  5362 | D:6      | Reached XP level 8. HP: 53/63 MP: 8/8
  5682 | D:6      | Found a basalt altar of Yredelemnul.
  5880 | D:6      | Killed abixa's ghost
  6194 | D:6      | Found a staircase to the Ecumenical Temple.
  6213 | Temple   | Entered the Ecumenical Temple
  6258 | Temple   | Became a worshipper of Cheibriados the Contemplative
  6258 | Temple   | Reached * piety under Cheibriados
  6258 | Temple   | Reached ** piety under Cheibriados
  6896 | D:7      | Reached XP level 9. HP: 67/71 MP: 9/9
  6901 | D:7      | Found an iron altar of Okawaru.
  6919 | D:7      | Found a shadowy altar of Dithmenos.
  7209 | D:7      | Learned a level 1 spell: Magic Dart
  7212 | D:7      | Learned a level 2 spell: Call Imp
  7311 | D:7      | Reached skill level 5 in Fighting
  7449 | D:7      | Reached skill level 1 in Conjurations
  7472 | D:8      | Reached *** piety under Cheibriados
  7496 | D:8      | Noticed Rayvis's ghost (novice MiFi)
  7838 | D:8      | Found a white marble altar of Elyvilon.
  8186 | D:8      | Found a stormy altar of Qazlal.
  8199 | D:8      | Reached skill level 5 in Conjurations
  8371 | D:8      | Gained mutation: Your mind is acute. (Int +2) [potion of beneficial mutation]
  8414 | D:8      | Slain by Rayvis's ghost

Vault maps used:
D:1:      lemuel_arrival_cross
D:2:      makhleb_heckhound_becter, okawaru_altar_gauntlet_db
D:3:      gammafunk_pakellas_spire_experiment, first_bread, ecumenical_altar_2
D:4:      xom_butterflies, lemuel_doored_altar, serial_shops, shop
D:5:      lemuel_ice_spiral_2, nicolae_gozag_seed_capital, uniq_edmund,
          uniq_prince_ribbit1
D:6:      yredelemnul_altar_generic, temple_doors_e, hangedman_decor_riveting
D:7:      grunt_dithmenos_smoke, basic_altar
D:8:      old_standard_altar, basic_altar
Temple:   nicolae_temple_great_sept

Action                   |  1- 3 |  4- 6 |  7- 9 || total
-------------------------+-------+-------+-------++-------
Melee: Unarmed           |    87 |   200 |   359 ||   646
 Cast: Magic Dart        |       |       |    17 ||    17
Evoke: Wand              |       |     1 |       ||     1
  Use: Scroll            |       |       |    17 ||    17
       Potion            |       |       |     3 ||     3
 Stab: Sleeping          |     4 |     3 |     5 ||    12
       Distracted        |       |       |     1 ||     1
  Eat: Bread ration      |     1 |     1 |     2 ||     4
       Chunk             |       |     1 |     1 ||     2
       Beef jerky        |       |     1 |       ||     1
